 Dungeon Crawl Stone Soup version 0.29-a0-839-g4793fd635e (webtiles) character file.

Game seed: 10497690545007527895

2986 Ijustatesigmund the Firebug (level 9, 0/75 HPs)
             Began as a Hill Orc Fire Elementalist on July 14, 2022.
             Was an Initiate of Cheibriados.
             Slain by a two-headed ogre
             ... wielding a +0 giant spiked club
              (29 damage)
             ... on level 8 of the Dungeon.
             The game lasted 00:21:41 (10865 turns).

Ijustatesigmund the Firebug (HOFE)                 Turns: 10865, Time: 00:21:42

Health: 0/75       AC:  6    Str: 18    XL:     9   Next: 83%
Magic:  12/14      EV: 12    Int: 20    God:    Cheibriados [......]
Gold:   1721       SH:  0    Dex: 12    Spells: 8/15 levels left

rFire   . . .      SeeInvis .   c - +7 lajatang of Order {silver, rMut}
rCold   . . .      Faith    .   (shield currently unavailable)
rNeg    . . .      Spirit   .   a - +0 leather armour
rPois   .          Reflect  .   n - +0 helmet
rElec   .          Harm     .   B - +0 cloak
rCorr   .          Rampage  .   (no gloves)
rMut    +                       z - +0 pair of boots
Will    .....                   r - amulet of magic regeneration
Stlth   +.........              w - +6 ring of strength
HPRegen 0.22/turn               v - ring of flight
MPRegen 0.54/turn

@: flying, very slow
A: no striking features
a: Renounce Religion


You were on level 8 of the Dungeon.
You worshipped Cheibriados.
Cheibriados was noncommittal.
You visited 2 branches of the dungeon, and saw 9 of its levels.
You also visited: Bailey.

You collected 1721 gold pieces.

Inventory:

Hand Weapons
 c - the +7 lajatang of Order (weapon) {silver, rMut}
   (You acquired it on level 1 of the Dungeon)

   It inflicts extra damage upon those it strikes, and deals substantially
   increased damage to chaotic, mutated and magically transformed beings.
   rMut:      It protects you from mutation.
 i - a +0 war axe
Missiles
 C - 2 curare-tipped darts
Armour
 a - a +0 leather armour (worn)
 n - a +0 helmet (worn)
 z - a +0 pair of boots (worn)
 B - a +0 cloak (worn)
Jewellery
 l - a ring of ice
 o - a ring of positive energy
 r - an amulet of magic regeneration (around neck)
 v - a ring of flight (right hand)
 w - a +6 ring of strength (left hand)
Wands
 e - a wand of charming (20)
 u - a wand of polymorph (7)
 A - a wand of flame (19)
Scrolls
 p - 4 scrolls of fog
 s - a scroll of magic mapping
 t - 4 scrolls of teleportation
 y - a scroll of blinking
Potions
 b - a potion of magic
 d - 2 potions of mutation
 f - 2 potions of brilliance
 g - 2 potions of curing
 h - a potion of cancellation
 j - a potion of berserk rage {unknown}
 k - a potion of invisibility {unknown}
 m - 3 potions of flight
 q - 2 potions of might {unknown}
 x - 2 potions of lignification {unknown}


   Skills:
 - Level 6.2 Fighting
 + Level 4.8 Staves
 - Level 3.6 Armour
 + Level 2.2 Dodging
 - Level 1.5 Stealth
 - Level 3.8 Spellcasting
 + Level 6.4 Conjurations
 + Level 7.0 Fire Magic
 + Level 1.9 Invocations
 + Level 1.5 Evocations


You had 8 spell levels left.
You knew the following spells:

 Your Spells              Type           Power      Damage    Failure   Level
a - Foxfire               Conj/Fire      100%       2x1d9     1%          1
b - Scorch                Fire           64%        2d8       1%          2
c - Flame Wave            Conj/Fire      30%        2d8       10%         4

Your spell library contained the following spells:

 Spells                   Type           Power      Damage    Failure   Level
 Conjure Flame            Conj/Fire      30%        6-21      3%          3
 Static Discharge         Conj/Air       16%        3-5/arc   6%          2
 Inner Flame              Hex/Fire       17%        N/A       11%         3
 Gell's Gravitas          Tloc           3%         N/A       43%         3
 Lesser Beckoning         Tloc           3%         N/A       43%         3
 Teleport Other           Tloc           3%         N/A       43%         3
 Lightning Bolt           Conj/Air       8%         1d20      75%         5
 Animate Dead             Necr           3%         N/A       83%         4
 Cause Fear               Hex            1%         N/A       83%         4
 Borgnjor's Vile Clutch   Necr/Erth      1%         N/A       99%         5
 Death Channel            Necr           1%         N/A       100%        6
 Discord                  Hex            1%         N/A       100%        8
 Maxwell's Capacitive Co  Air            1%         ∞         100%        8


Dungeon Overview and Level Annotations

Branches:
Dungeon (8/15)             Temple (1/1) D:7            Lair (0/6) D:8
 Bailey (visited)

Altars:
Ashenzari
Cheibriados
Dithmenos
Elyvilon
Gozag
Hepliaklqana
Nemelex Xobeh
Qazlal
Wu Jian
Xom
The Shining One


Message History

Welcome back to the Dungeon!
There is an empty arch of ancient stone here.
You start resting.
HP restored.
You see here a +0 hand axe.
You now have 1700 gold pieces (gained 12).
Found a ring mail.
You now have 1706 gold pieces (gained 6).
Found a trident.
You now have 1721 gold pieces (gained 15).
You see here a +2 sling of flaming.
A two-headed ogre comes into view.
It is wielding a +0 giant spiked club and a +0 giant club.
The two-headed ogre moves out of view.
You start waiting.
A two-headed ogre is nearby!
Okay, then.
Casting: Scorch (safe; 1% risk of failure)
Confirm with . or Enter, or press ? or * to list all spells.
You conjure some foxfire!
The two-headed ogre shouts in stereo!
The foxfire hits the two-headed ogre.
The two-headed ogre is lightly wounded.
The foxfire hits the two-headed ogre!
The two-headed ogre is lightly wounded.
Casting: Foxfire (safe; 1% risk of failure)
Confirm with . or Enter, or press ? or * to list all spells.
Flames lash the two-headed ogre.
The two-headed ogre is moderately wounded.
The two-headed ogre's fire resistance burns away.
Casting: Scorch (safe; 1% risk of failure)
Confirm with . or Enter, or press ? or * to list all spells.
Flames lash the two-headed ogre.
The two-headed ogre is burned terribly!
The two-headed ogre is heavily wounded.
The two-headed ogre hits you but does no damage.
The two-headed ogre hits you with a +0 giant club!!
You completely miss the two-headed ogre.
The two-headed ogre is heavily wounded.
The two-headed ogre hits you with a +0 giant spiked club!!
The two-headed ogre hits you with a +0 giant club!!
You die...

,,,,,,,,..,,,,.#####<###.....##
,,,,,,,,...,,*...............####
,,,,,,,,....########...##.##.#...
,,,,,,,,..................##.).≈≈
*,,,,,,,........###..#######.#.≈#
,,***,**.....##.###..# #.#.≈# ,**
*,**....,*#.##..## #...≈# **
*,**...,,*#.#...# #...≈#
**,**..,,,##.@.#.########...≈#
****,,**.,,,,#..O.#.##.........≈≈
,,,,,***,,,,,#.##......#####.....
****,* *,,,..........#####*##.###
*,***,,,.)#.#...#.......##.# #
****,,***..........#######....###
,,,,,,,,,[....##..##* ###...#.
****,,,**.#,#*#....,*** ####..#.
**,,,,,*,*,*#..###,,,***#.......


You could see a two-headed ogre (combustible).

Vanquished Creatures
  Pikel (D:5)
  Grinder (D:3)
  A wraith (D:7)
  A steam dragon (D:7)
  An orc warrior (D:7)
  A black bear (D:8)
  An ogre (D:5)
  A lemure (D:5)
  2 phantoms
  5 kobold brigands
  5 bullfrogs
  A necrophage (D:6)
  A scorpion (D:6)
  5 orc priests
  A gnoll bouda (D:6)
  Crazy Yiuf (D:7)
  3 hounds
  A jelly (D:5)
  3 iguanas
  Natasha (thrice) (D:3)
  3 orc wizards
  Robin (D:3)
  6 gnolls
  6 adders
  3 white imps
  An ufetubus (D:5)
  2 dart slugs
  22 orcs
  3 bats
  2 endoplasms (D:1)
  6 giant cockroaches
  20 goblins
  6 hobgoblins
  3 jackals (D:4)
  22 kobolds
  5 quokkas
  2 training dummies (D:5)
  6 ball pythons
  17 frilled lizards
175 creatures vanquished.

Vanquished Creatures (collateral kills)
  A kobold (Bailey)
1 creature vanquished.

Vanquished Creatures (others)
  106 foxfires
  12 plants
118 creatures vanquished.

Grand Total: 294 creatures vanquished

Notes
Turn   | Place    | Note
-------+----------+-------------------------------------------
     0 | D:1      | Ijustatesigmund the Hill Orc Fire Elementalist began the
                  | quest for the Orb.
     0 | D:1      | Reached XP level 1. HP: 14/14 MP: 3/3
   122 | D:1      | Reached XP level 2. HP: 8/20 MP: 0/4
   319 | D:1      | Learned a level 2 spell: Scorch
   574 | D:1      | Found a faded altar of an unknown god.
   617 | D:1      | Identified a scroll of acquirement
   617 | D:1      | Acquired the +7 lajatang of Order {silver, rMut}
   617 | D:1      | Found the +7 lajatang of Order {silver, rMut}
   897 | D:1      | Reached XP level 3. HP: 27/27 MP: 0/5
  1805 | D:2      | Reached skill level 1 in Fighting
  2312 | D:3      | Found an ornate altar of the Wu Jian Council.
  2384 | D:3      | Reached XP level 4. HP: 20/35 MP: 4/7
  2518 | D:3      | Found a shimmering altar of Xom.
  2530 | D:3      | Noticed Natasha
  2543 | D:3      | Killed Natasha
  2544 | D:3      | Reached skill level 1 in Staves
  2544 | D:3      | Reached skill level 1 in Armour
  2544 | D:3      | Reached skill level 4 in Fire Magic
  2833 | D:3      | Identified the +0 helmet "Voch" {Int+6}
  2833 | D:3      | Noticed Robin
  2875 | D:3      | Killed Robin
  2876 | D:3      | Reached XP level 5. HP: 12/40 MP: 4/8
  3324 | D:3      | Noticed Natasha
  3328 | D:3      | Killed Natasha
  3522 | D:3      | Noticed Natasha
  3531 | D:3      | Killed Natasha
  3755 | D:3      | Noticed Grinder
  3761 | D:3      | Killed Grinder
  3762 | D:3      | Reached XP level 6. HP: 43/50 MP: 6/10
  4059 | D:3      | Found a shadowy altar of Dithmenos.
  4062 | D:3      | Reached XP level 7. HP: 57/57 MP: 11/11
  4870 | D:5      | Entered Level 5 of the Dungeon
  4878 | D:5      | Noticed Pikel
  4893 | D:5      | Killed Pikel
  4894 | D:5      | Reached skill level 5 in Fire Magic
  4894 | D:5      | Reached XP level 8. HP: 33/66 MP: 12/12
  5380 | D:5      | Learned a level 4 spell: Flame Wave
  6227 | D:6      | Reached skill level 5 in Fighting
  6275 | D:6      | Reached skill level 6 in Fire Magic
  6278 | D:6      | Found an opulent altar of Gozag.
  6712 | D:6      | Found an opulent altar of Gozag.
  6717 | D:6      | Found an opulent altar of Gozag.
  6726 | D:6      | Found an opulent altar of Gozag.
  6780 | D:6      | Found a sparkling altar of Nemelex Xobeh.
  6852 | D:6      | Found a hazy altar of Hepliaklqana.
  7142 | D:6      | Found a glowing golden altar of the Shining One.
  7206 | D:6      | Reached XP level 9. HP: 40/74 MP: 14/14
  7211 | D:6      | Reached skill level 5 in Conjurations
  8640 | D:7      | Identified the +3 ring mail of Beyond {rN+ Dex+4}
  9474 | D:7      | Found a staircase to the Ecumenical Temple.
  9486 | Temple   | Entered the Ecumenical Temple
  9494 | Temple   | Became a worshipper of Cheibriados the Contemplative
  9740 | D:7      | Found a runed translucent door.
  9741 | D:7      | Noticed Crazy Yiuf
  9748 | D:7      | Killed Crazy Yiuf
 10057 | D:8      | Reached skill level 1 in Invocations
 10084 | D:8      | Reached skill level 1 in Evocations
 10101 | D:8      | Found a flagged portal.
 10127 | D:8      | Acquired 1315 gold pieces
 10235 | Bailey   | Entered a bailey
 10274 | Bailey   | Reached skill level 7 in Fire Magic
 10854 | D:8      | Noticed a two-headed ogre
 10865 | D:8      | Slain by a two-headed ogre

Illustrated notes

Levels and vault maps discovered:
D:1:      tarquinn_simple_flora_water_c, layout_basic,
          ebering_ecumenical_altar_sacrificial, minmay_misc_feat_five,
          kennysheep_crisscross, st_stairs_2, minmay_ruptured
D:2:      layout_loops_ring, minmay_misc_feat_iff, eino_tiny_chamber,
          minmay_lizard_king
D:3:      layout_basic, lemuel_crystal_altar, nicolae_wu_jian_glorious_leap,
          old_standard_altar, uniq_grinder, uniq_natasha, uniq_robin
D:4:      layout_basic
D:5:      dreamdust_elfheim, layout_loops_ring, uniq_pikel
D:6:      cheibrodos_thug_alley, layout_loops_ring,
          mainiacjoe_overflow_surrounded_room,
          nicolae_gozag_conspicuous_consumption,
          nicolae_hepliaklqana_hippocampus, nicolae_overflow_hidden_temple
D:7:      layout_basic, minmay_temple_entry_tees, uniq_crazy_yiuf_cottage
D:8:      layout_rooms, mainiacjoe_overflow_catwalk, lair_entry_dummy,
          enter_bailey_3, serial_park_tiny_1, lemuel_old_faithful, uniq_maggie
Temple:   nicolae_temple_bog_church

Skill      XL: |  1  2  3  4  5  6  7  8  9 |
---------------+----------------------------+-----
Spellcasting   | 2 3 |  3.8
Fighting       | 1 2 3 4 5 6 |  6.2
Conjurations   | 2 3 4 6 |  6.4
Staves         | 1 2 3 4 |  4.8
Armour         | 1 2 3 |  3.6
Fire Magic     | 4 5 6 7 |  7.0
Invocations    | 1 |  1.9
Dodging        | 2 |  2.2
Evocations     | 1 |  1.5
Stealth        | |  1.5

Action                   |  1- 3 |  4- 6 |  7- 9 || total
-------------------------+-------+-------+-------++-------
Melee: Dagger            |     8 |       |       ||     8
       Lajatang          |    69 |    57 |   207 ||   333
 Cast: Foxfire           |    23 |     6 |    31 ||    60
       Scorch            |     1 |     8 |    22 ||    31
Evoke: Wand              |       |       |     4 ||     4
  Use: Scroll            |     6 |       |    10 ||    16
       Potion            |       |       |     4 ||     4
 Stab: Sleeping          |     2 |     1 |     4 ||     7
Armor: Robe              |     2 |       |       ||     2
       Leather armour    |    12 |    17 |    57 ||    86
Dodge: Dodged            |    47 |    31 |   170 ||   248

Table legend: (Time is in decaauts)
 A = Elapsed time spent in this place.
 B = Non-inter-level travel time spent in this place.
 C = Inter-level travel time spent in this place.
 D = Time resting spent in this place.
 E = Time spent auto-exploring this place.
 F = Levels seen in this place.
 G = Mean time per level.
                   A        B        C        D        E       F      G
               +--------+--------+--------+--------+--------+-----+--------+
         Total |  11130 |  10820 |    310 |   4808 |   4560 |  10 | 1113.0 |
       Dungeon |  10753 |  10453 |    300 |   4603 |   4553 |   8 | 1344.1 |
        Temple |     18 |      8 |     10 |      0 |      0 |   1 |   18.0 |
        Bailey |    358 |    358 |      0 |    205 |      6 |   1 |  358.0 |
               +--------+--------+--------+--------+--------+-----+--------+

Top non-repeatable levels by time:
     D:3: 2013 daAuts
     D:7: 1957 daAuts
     D:5: 1734 daAuts
     D:6: 1602 daAuts
     D:1: 1485 daAuts
     D:2: 757 daAuts
     D:4: 677 daAuts
     D:8: 524 daAuts
  Bailey: 358 daAuts
  Temple: 18 daAuts
